 Dungeon Crawl Stone Soup version 0.18.1-48-g4cf74bf (webtiles) character file.

716 Nahar the Covered (level 8, -1/61 HPs)
             Began as a Human Fighter on Aug 10, 2016.
             Was a Believer of Makhleb.
             Slain by a wight
             ... wielding a +1 great sword
              (10 damage)
             ... on level 6 of the Dungeon.
             The game lasted 00:24:03 (3912 turns).

Nahar the Covered (Human Fighter)                   Turns: 3912, Time: 00:24:03

Health: -1/61      AC: 12    Str: 23    XL:     8   Next: 1%
Magic:  5/8        EV:  4    Int:  9    God:    Makhleb [**....]
Gold:   171        SH:  9    Dex: 13    Spells: 1 memorised, 4 levels left

rFire  . . .     SeeInvis .     a - +2 long sword
rCold  . . .     Gourm    .     k - +0 plate armour
rNeg   . . .     Faith    .     c - +0 shield
rPois  .         Spirit   .     t - +0 helmet
rElec  .         Dismiss  .     (no cloak)
rCorr  .         Reflect  .     (no gloves)
SustAt .         Harm     .     (no boots)
MR     .....                    (no amulet)
Stlth  ..........               (no ring)
                                (no ring)

@: mighty, very slightly contaminated, heavily drained, not resistant to hostile
enchantments, extremely unstealthy
A: no striking features
a: Minor Destruction, Renounce Religion


You were on level 6 of the Dungeon.
You worshipped Makhleb.
Makhleb was pleased with you.
You were not hungry.

You visited 1 branch of the dungeon, and saw 6 of its levels.

You collected 203 gold pieces.
You spent 32 gold pieces at shops.

Inventory:

Hand Weapons
 a - a +2 long sword (weapon)
Armour
 b - a +0 scale mail
 c - a +0 shield (worn)
 h - a +0 scale mail
 k - a +0 plate armour (worn)
 m - a +0 pair of gloves
 t - a +0 helmet (worn)
Jewellery
 g - a cursed amulet of inaccuracy
 n - a cursed -2 ring of slaying {unknown}
Wands
 v - a wand of confusion (45/48)
Scrolls
 p - 3 scrolls of identify
 r - a scroll of teleportation
Potions
 e - 2 potions of agility {unknown}
 i - a potion of resistance {unknown}
 j - 2 potions of flight {unknown}
 l - 3 potions of brilliance {unknown}
 s - a potion of curing {unknown}
 w - a potion of haste {unknown}
 x - a potion of degeneration {unknown}
 z - a potion of berserk rage {unknown}
 A - a potion of ambrosia {unknown}
Books
 o - a book of Necromancy

   Spells                             Type                      Level
   a - Pain                           Necromancy                   1
   b - Animate Skeleton               Necromancy                   1
   c - Vampiric Draining              Necromancy                   3
   d - Regeneration                   Charms/Necromancy            3
   e - Animate Dead                   Necromancy                   4
   f - Control Undead                 Necromancy                   4
Comestibles
 f - 5 bread rations


   Skills:
 + Level 4.9(2.7) Fighting
 + Level 4.4(2.2) Long Blades
 + Level 5.3(3.0) Armour
 + Level 2.0(0.0) Dodging
 + Level 4.4(2.2) Shields


You had 4 spell levels left.
You knew the following spells:

 Your Spells              Type           Power        Failure   Level  Hunger
a - Regeneration          Chrm/Necr      #.........   100%        3    ####...


Dungeon Overview and Level Annotations

Branches:
Dungeon (6/15)             Temple (0/1) D:5

Altars:
Cheibriados
Makhleb
Qazlal
Xom
Yredelemnul
Zin
The Shining One

Shops:
D:4 %


Message History

You are very lightly contaminated with residual magic.
You sense a malignant aura.
The jackal bites you but does no damage.
The wight hits you but does no damage. You block the wight's attack.
The jackal barely misses you.
The wight hits you with a dire flail of crushing.
You feel drained.
The jackal bites you but does no damage.
The wight hits you with an enchanted great sword!
You hit the wight.
The wight is heavily damaged.
You block the jackal's attack. The jackal barely misses you.
The wight hits you but does no damage. x2
The wight hits you with a dire flail of crushing!
* * * LOW HITPOINT WARNING * * *
You feel drained.
* * * LOW HITPOINT WARNING * * *
x2 The jackal bites you but does no damage.
The wight hits you with an enchanted great sword!
You die...

...#..# .......###
........%####
............### .
..............##.#
.................#
.......zh.........
......†@zz........
......hzz.........
..................
.................#
..<.............##
...............##
..............##
.............##
.........##


You could see 5 wights and 2 jackals.

Vanquished Creatures
  A phantom (D:4)
  An ogre (D:5)
  A giant frog (D:5)
  A hound (D:5)
  Crazy Yiuf (D:5)
  A giant frog skeleton (D:4)
  2 iguanas (D:5)
  4 worker ants
  Natasha (twice) (D:3)
  Terence (D:3)
  A worker ant zombie (D:5)
  A howler monkey skeleton (D:4)
  6 adders
  An adder skeleton (D:5)
  3 worms
  2 dart slugs
  2 giant geckos
  10 orcs
  A ball python (D:5)
  9 bats
  6 giant cockroaches
  8 hobgoblins
  5 jackals
  A quokka (D:5)
  4 giant newts
  2 gnoll zombies (D:3)
  6 goblins
  8 kobolds
  9 rats
100 creatures vanquished.

Notes
Turn   | Place    | Note
--------------------------------------------------------------
     0 | D:1      | Nahar the Human Fighter began the quest for the Orb.
     0 | D:1      | Reached XP level 1. HP: 18/18 MP: 1/1
    93 | D:1      | Reached XP level 2. HP: 16/24 MP: 2/2
   539 | D:1      | Reached XP level 3. HP: 29/29 MP: 3/3
   842 | D:2      | Reached skill level 1 in Dodging
   865 | D:2      | Reached XP level 4. HP: 31/35 MP: 4/4
  1017 | D:2      | Found a burning altar of Makhleb.
  1211 | D:2      | Found a glowing silver altar of Zin.
  1211 | D:2      | Noticed an angel
  1211 | D:2      | Noticed a balrug
  1221 | D:2      | Became a worshipper of Makhleb the Destroyer
  1602 | D:3      | Noticed a water elemental
  1604 | D:3      | Found a stormy altar of Qazlal.
  1605 | D:3      | Noticed a fire elemental
  1605 | D:3      | Noticed an earth elemental
  1605 | D:3      | Noticed an air elemental
  1627 | D:3      | Noticed Terence
  1640 | D:3      | Killed Terence
  1640 | D:3      | Reached XP level 5. HP: 38/42 MP: 5/5
  1677 | D:3      | Found a glowing golden altar of the Shining One.
  1753 | D:3      | Found a basalt altar of Yredelemnul.
  1875 | D:3      | Reached * piety under Makhleb
  1928 | D:3      | Found a faded altar to an unknown god.
  1965 | D:3      | Learned a level 3 spell: Regeneration
  2000 | D:3      | Noticed Natasha
  2006 | D:3      | Killed Natasha
  2039 | D:3      | Noticed Natasha
  2050 | D:3      | Killed Natasha
  2050 | D:3      | Reached skill level 4 in Armour
  2173 | D:4      | Noticed a phantom
  2214 | D:4      | Killed a phantom
  2214 | D:4      | Reached XP level 6. HP: 40/48 MP: 6/6
  2310 | D:4      | Found Syitag's Food Emporium.
  2315 | D:4      | Bought a slice of pizza for 16 gold pieces
  2315 | D:4      | Bought a beef jerky for 16 gold pieces
  2743 | D:4      | Reached XP level 7. HP: 54/54 MP: 7/7
  2855 | D:5      | Entered Level 5 of the Dungeon
  2943 | D:5      | Found a staircase to the Ecumenical Temple.
  2977 | D:5      | Found a shimmering altar of Xom.
  3130 | D:5      | Found a stormy altar of Qazlal.
  3175 | D:5      | Noticed Crazy Yiuf
  3182 | D:5      | Killed Crazy Yiuf
  3425 | D:5      | Found a snail-covered altar of Cheibriados.
  3635 | D:5      | Reached skill level 5 in Armour
  3891 | D:5      | Reached ** piety under Makhleb
  3891 | D:5      | Reached XP level 8. HP: 61/61 MP: 8/8
  3912 | D:6      | Slain by a wight

Skill      XL: |  1  2  3  4  5  6  7 |
---------------+----------------------+-----
Dodging        | 1 2 |  2.0
Long Blades    | 3 4 |  4.4
Armour         | 4 5 |  5.3
Fighting       | 4 |  4.9
Shields        | 4 |  4.4

Action                   |  1- 3 |  4- 6 |  7- 9 || total
-------------------------+-------+-------+-------++-------
Melee: Long sword        |   107 |   227 |   107 ||   441
Invok: Minor Destruction |       |       |     1 ||     1
Evoke: Wand              |       |       |     1 ||     1
  Use: Scroll            |     6 |     4 |     5 ||    15
       Potion            |       |       |     1 ||     1
  Eat: Bread ration      |       |     1 |       ||     1
       Royal jelly       |       |     1 |       ||     1
       Meat ration       |       |       |     1 ||     1
       Pizza             |       |       |     1 ||     1
       Beef jerky        |       |       |     1 ||     1
Armor: Scale mail        |    47 |       |       ||    47
       Plate armour      |    38 |   134 |    79 ||   251
Dodge: Dodged            |    44 |    23 |    21 ||    88
Block: Shield            |    77 |   103 |    56 ||   236
